 Dungeon Crawl Stone Soup version 0.31-a0-846-gb3bcc0d938 (webtiles) character file.

Game seed: 9547373298471611716

2245 croobank the Chopper (level 9, 0/79 HPs)
             Began as a Hill Orc Fighter on Oct 3, 2023.
             Was a Follower of Beogh.
             Splashed by a jelly's acid (4 damage)
             ... on level 7 of the Dungeon.
             The game lasted 00:15:35 (6230 turns).

croobank the Chopper (Hill Orc Fighter)             Turns: 6230, Time: 00:15:36

Health: 0/79       AC:  6    Str: 26    XL:     9   Next: 37%
Magic:  9/9        EV: 11    Int:  8    God:    Beogh [*.....]
Gold:   203        SH:  6    Dex: 10    Spells: 8/8 levels left

rFire   + . .        a - +0 war axe
rCold   + + .        c - +1 buckler
rNeg    . . .        b - +1 scale mail {rC+}
rPois   .            s - +0 hat of the Old and Reckless {rF+ Str+3}
rElec   .            (no cloak)
rCorr   .            (no gloves)
SInv    .            n - +0 pair of boots
Will    .....        (no amulet) Stlth
                     e - ring of protection from cold
HPRegen 0.33/turn    (no ring)
MPRegen 0.11/turn

%: no passive effects
@: corroded
A: no striking features
a: Renounce Religion


You were on level 7 of the Dungeon.
You worshipped Beogh.
Beogh was aware of your devotion.
You visited 1 branch of the dungeon, and saw 7 of its levels.

You collected 363 gold pieces.
You spent 160 gold pieces at shops.

Inventory:

Hand Weapons
 a - a +0 war axe (weapon)
Missiles
 p - 7 poisoned darts (quivered)
 r - 2 curare-tipped darts
Armour
 b - a +1 scale mail of cold resistance (worn)
 c - a +1 buckler (worn)
 n - a +0 pair of boots (worn)
 s - the +0 hat of the Old and Reckless (worn) {rF+ Str+3}
   (You acquired it on level 5 of the Dungeon)

   Str+3:     It affects your strength (+3).
   rF+:       It protects you from fire.
 t - a +3 leather armour of willpower
Jewellery
 e - a ring of protection from cold (left hand)
 w - a ring of positive energy
Talismans
 f - a beast talisman
 m - a flux talisman
Wands
 l - a wand of charming (18)
 u - a wand of mindburst (3)
 y - a wand of polymorph (8)
Scrolls
 g - a scroll of butterflies
 h - 2 scrolls of revelation
 v - 2 scrolls of identify
Potions
 d - a potion of invisibility
 i - a potion of curing
 j - 3 potions of attraction
 k - a potion of magic
 o - a potion of heal wounds
 q - a potion of lignification
 x - a potion of enlightenment


   Skills:
 + Level 7.6 Fighting
 + Level 7.8 Axes
 + Level 6.9 Armour
 + Level 3.9 Dodging
 + Level 6.9 Shields


You had 8 spell levels left.
You didn't know any spells.
Your spell library contained the following spells:

 Spells                   Type           Power      Damage    Failure   Level
 Slow                     Hex            0%         N/A       71%         1
 Confusing Touch          Hex            0%         N/A       97%         3
 Ignite Poison            Fire/Tmut/Pois 0%         N/A       97%         3
 Sigil of Binding         Hex            0%         N/A       97%         3
 Stone Arrow              Conj/Erth      0%         3d7       97%         3
 Vampiric Draining        Necr           0%         2d6       97%         3
 Animate Armour           Summ/Erth      0%         N/A       100%        4
 Sticky Flame             Conj/Fire      0%         2d3       100%        4
 Summon Lightning Spire   Summ/Air       0%         N/A       100%        4
 Lee's Rapid Deconstruct  Erth           0%         3d4*      100%        5
 Ignition                 Fire           0%         3d3       100%        8
 Lehudib's Crystal Spear  Conj/Erth      0%         10d2      100%        8


Dungeon Overview and Level Annotations

Branches:
Dungeon (7/15)             Temple (0/1) D:6

Altars:
Fedhas
Gozag
Nemelex Xobeh
Okawaru
Vehumet
Wu Jian

Shops:
D:4 !


Message History

The vampire mosquito closely misses you. x2
You slash the vampire mosquito!
You destroy the vampire mosquito!
Beogh accepts your kill.
Aiming: Mindburst
Press: ? - help, Shift-Dir - straight line, f - shadow imp
Aim: a shadow imp (chance to affect: 72%)
The shadow imp struggles to resist.
A shadow imp is nearby!
Okay, then.
Aiming: Mindburst
Press: ? - help, Shift-Dir - straight line, f/p - shadow imp
Aim: a shadow imp (chance to affect: 72%)
The shadow imp's mind is blasted!
You blow up the shadow imp!
Beogh accepts your kill.
You start resting.
A jelly comes into view.
Things that are here:
a +0 club; a vampire mosquito corpse; a manticore corpse You start resting.
A jelly is nearby!
The jelly quivers.
Things that are here:
a +0 club; a vampire mosquito corpse; a manticore corpse You start resting.
A jelly is nearby!
You hit the jelly.
Your hands burn!
* * * LOW HITPOINT WARNING * * *
The jelly is lightly wounded.
The jelly hits you.
* * * LOW HITPOINT WARNING * * *
You are splashed with acid!
* * * LOW HITPOINT WARNING * * *
You hit the jelly. The acid corrodes you!
Your hands burn!
* * * LOW HITPOINT WARNING * * *
The jelly is moderately wounded.
The jelly misses you.
You hit the jelly.
Your hands burn!
You die...

... .. ### #.#.# ##.# #.
... #.#.# .....#.##.#
#.#(# ...#....# #.#.#
#### ...
#.###.#.#####.#.
#J##..##...........
#.......##.#####...
###J###.##.#####...
#⌠@..⌠#.##.......#.
#.....#.#..........
....⌠......##.###.#.
...#..$..#......##....
#...##⌠...⌠#......###.##
##.# ###.###..... #..#
... ... .... #.#. .8 ##
.... #.## #.#


You could see a jelly.

Vanquished Creatures
  A manticore (D:7)
  Grinder (D:5)
  Eustachio (D:5)
  A vampire mosquito (D:7)
  A water moccasin (D:5)
  A black bear (D:6)
  An orc warrior (D:6)
  A sky beast (D:7)
  A centaur (D:6)
  2 bullfrogs (D:6)
  A scorpion (D:5)
  A howler monkey (D:6)
  2 orc priests
  3 jellies
  A hound (D:6)
  3 sleepcaps
  4 iguanas
  Ijyb (D:5)
  An orc wizard (D:6)
  3 gnolls (D:5)
  12 adders
  2 shadow imps (D:7)
  A worm (D:2)
  The ghost of Elsrick the Sneak, a weakling DsDe (D:3)
  4 dart slugs
  12 orcs
  7 endoplasms
  4 giant cockroaches
  9 goblins
  6 hobgoblins
  4 jackals (D:1)
  4 quokkas
  3 ball pythons
  5 bats
  3 frilled lizards
  4 kobolds
  8 rats
120 creatures vanquished.

Vanquished Creatures (others)
  An orc (D:3)
  2 giant cockroaches (D:3)
3 creatures vanquished.

Grand Total: 123 creatures vanquished

Notes
Turn   | Place    | Note
-------+----------+-------------------------------------------
     0 | D:1      | croobank the Hill Orc Fighter began the quest for the Orb.
     0 | D:1      | Reached XP level 1. HP: 19/19 MP: 1/1
   202 | D:1      | Reached XP level 2. HP: 27/27 MP: 2/2
   338 | D:1      | Reached XP level 3. HP: 33/33 MP: 3/3
   927 | D:2      | Reached XP level 4. HP: 16/40 MP: 4/4
  1566 | D:3      | Found a runed translucent door.
  1573 | D:3      | Noticed Elsrick's ghost (weakling DsDe)
  1602 | D:3      | Became a worshipper of Beogh the Brigand
  1613 | D:3      | Found a radiant altar of Vehumet.
  1857 | D:3      | Found an ornate altar of the Wu Jian Council.
  1959 | D:3      | Reached XP level 5. HP: 46/47 MP: 5/5
  2553 | D:3      | Killed Elsrick's ghost
  2665 | D:4      | Found Tedyiwke's Distillery.
  2683 | D:4      | Bought a potion of invisibility for 80 gold pieces
  2683 | D:4      | Bought a potion of heal wounds for 50 gold pieces
  2683 | D:4      | Bought a potion of lignification for 30 gold pieces
  3116 | D:4      | Found an iron altar of Okawaru.
  3116 | D:4      | Found a blossoming altar of Fedhas.
  3500 | D:5      | Entered Level 5 of the Dungeon
  3525 | D:5      | Reached skill level 5 in Fighting
  3525 | D:5      | Reached XP level 6. HP: 49/56 MP: 6/6
  3569 | D:5      | Reached skill level 1 in Dodging
  3594 | D:5      | Noticed Ijyb
  3605 | D:5      | Killed Ijyb
  3761 | D:5      | Identified a scroll of acquirement
  3761 | D:5      | Acquired the +0 hat of the Old and Reckless {rF+ Str+3}
  3812 | D:5      | Noticed Grinder
  3813 | D:5      | Paralysed by Grinder for 4 turns
  3826 | D:5      | Killed Grinder
  3827 | D:5      | Reached skill level 5 in Axes
  3827 | D:5      | Reached skill level 5 in Armour
  3827 | D:5      | Reached skill level 5 in Shields
  3827 | D:5      | Reached XP level 7. HP: 46/61 MP: 7/7
  3899 | D:5      | Found a sparkling altar of Nemelex Xobeh.
  3899 | D:5      | Found an opulent altar of Gozag.
  4158 | D:5      | Noticed Eustachio
  4168 | D:5      | Killed Eustachio
  4173 | D:5      | Reached * piety under Beogh
  4174 | D:5      | Reached XP level 8. HP: 49/70 MP: 8/8
  4421 | D:5      | Noticed a rust devil
  4421 | D:5      | Noticed a rust devil
  4435 | D:6      | HP: 1/70 [orc warrior/+0 battleaxe (11)]
  4740 | D:6      | Found a staircase to the Ecumenical Temple.
  6053 | D:7      | Reached XP level 9. HP: 57/79 MP: 9/9
  6154 | D:7      | Noticed a manticore
  6174 | D:7      | Killed a manticore
  6229 | D:7      | HP: 3/79 [acid (5)]
  6230 | D:7      | Splashed by a jelly's acid

Illustrated notes

Levels and vault maps discovered:
D:1:      psy_arrival_radial02, layout_basic
D:2:      minmay_spotlight, layout_rooms, hangedman_decor_diamond_cutter
D:3:      layout_basic, mainiacjoe_overflow_catwalk, lemuel_tele_altar,
          ebering_ghost_sewer_d
D:4:      layout_basic, nicolae_overflow_two_pavilions, serial_shops, shop,
          hangedman_abyss_or_decor_stagger
D:5:      cheibrodos_iron_armory, layout_basic, grunt_temple_overflow_opulence,
          uniq_ijyb, uniq_grinder, uniq_eustachio
D:6:      layout_basic, temple_pool_b, chequers_serial_rivers_large_b,
          roderic_st_hans_cross, kennysheep_generic_room_6
D:7:      layout_loops_ring, elyvilon_altar_1, minmay_chambers_of_fives

Skill      XL: |  1  2  3  4  5  6  7  8 |
---------------+-------------------------+-----
Axes           | 3 4 5 7 |  7.8
Fighting       | 4 5 6 7 |  7.6
Armour         | 4 5 6 |  6.9
Shields        | 4 5 6 |  6.9
Dodging        | 1 2 3 |  3.9

Action                     |  1- 3 |  4- 6 |  7- 9 || total
---------------------------+-------+-------+-------++-------
  Melee: War axe           |   102 |   147 |   182 ||   431
  Throw: Dart              |       |       |     5 ||     5
 Invoke: Convert to Beogh  |       |     1 |       ||     1
  Evoke: Wand              |       |     6 |     6 ||    12
    Use: Scroll            |       |    14 |     3 ||    17
         Potion            |       |     2 |     4 ||     6
   Stab: Invisible         |       |     3 |     5 ||     8
 Armour: Scale mail        |    87 |    99 |   122 ||   308
         Skin              |       |       |    51 ||    51
  Dodge: Dodged            |    69 |    58 |    76 ||   203
  Block: Buckler           |    31 |    38 |    62 ||   131

Table legend: (Time is in decaauts)
 A = Elapsed time spent in this place.
 B = Non-inter-level travel time spent in this place.
 C = Inter-level travel time spent in this place.
 D = Time resting spent in this place.
 E = Time spent auto-exploring this place.
 F = Levels seen in this place.
 G = Mean time per level.
                   A        B        C        D        E       F      G
               +--------+--------+--------+--------+--------+-----+--------+
         Total |   6381 |   6208 |    173 |    960 |   4084 |   7 |  911.6 |
       Dungeon |   6381 |   6208 |    173 |    960 |   4084 |   7 |  911.6 |
               +--------+--------+--------+--------+--------+-----+--------+

Top non-repeatable levels by time:
     D:6: 1550 daAuts
     D:3: 1092 daAuts
     D:4: 929 daAuts
     D:5: 920 daAuts
     D:2: 781 daAuts
     D:1: 776 daAuts
     D:7: 331 daAuts
